 Dungeon Crawl Stone Soup version 0.27-a0-1545-g3eddc1d3d3 (webtiles) character file.

Game seed: 5559187712128296026

41624 Froggeryz the Unseen (level 14, -5/106 HPs)
             Began as an Octopode Berserker on July 13, 2021.
             Was the Champion of Trog.
             Slain by a wolf spider (21 damage)
             ... on level 6 of the Lair of Beasts.
             The game lasted 00:26:05 (17460 turns).

Froggeryz the Unseen (Octopode Berserker)          Turns: 17460, Time: 00:26:06

Health: -5/106     AC:  1    Str: 18    XL:     14   Next: 16%
Magic:  14/14      EV: 19    Int:  9    God:    Trog [******]
Gold:   1294       SH:  6    Dex: 17    Spells: 13/13 levels left

rFire    + . .     SeeInvis .   r - +5 quick blade of Hodi {vamp, rElec Will++ Dex+2}
rCold    . . .     Faith    .   k - +0 buckler
rNeg     . . .     Spirit   .   (helmet restricted)
rPois    .         Reflect  .   x - amulet of regeneration
rElec    +         Harm     .   L - ring of flight
rCorr    .         Rampage  .   N - ring of protection from fire
Will     +++..                  (no ring)
Stlth    +++++++...             (no ring)
HPRegen  1.27/turn              (no ring)
MPRegen  0.14/turn              (no ring)
                                (no ring)
                                (no ring)

@: lethally poisoned (-5 -> -6), flying
A: almost no armour, amphibious, 8 rings, camouflage 1, gelatinous body 1,
(nimble swimmer 1), tentacles
a: Renounce Religion, Berserk, Trog's Hand, Brothers in Arms


You were on level 6 of the Lair of Beasts.
You worshipped Trog.
Trog was exalted by your worship.
You visited 2 branches of the dungeon, and saw 20 of its levels.
You also visited: Ossuary and Bailey.

You collected 1294 gold pieces.

Inventory:

Hand Weapons
 r - the +5 quick blade of Hodi (weapon) {vamp, rElec Will++ Dex+2}
   (You acquired it on level 13 of the Dungeon)

   It inflicts no extra harm, but heals its wielder when it wounds a living foe.
   Dex:       It affects your dexterity (+2).
   rElec:     It insulates you from electricity.
   Will:      It greatly increases your willpower.
 A - the +7 rapier "Aubergine" {vorpal, rPois Int-4 SInv}
   (You acquired it on level 8 of the Dungeon)

   It inflicts extra damage upon your enemies.
   Int:       It affects your intelligence (-4).
   rPois:     It protects you from poison.
   SInv:      It lets you see invisible.
 F - a +6 quick blade of venom
Missiles
 a - 2 atropa-tipped darts
 B - 3 javelins
 D - 8 throwing nets
 E - 6 boomerangs of dispersal
 G - 82 poisoned darts (quivered)
 I - 2 curare-tipped darts
 J - 6 silver javelins
Armour
 k - a +0 buckler (worn)
Jewellery
 x - an amulet of regeneration (around mantle)
 H - a +6 ring of intelligence
 L - a ring of flight (left tentacle)
 N - a ring of protection from fire (right tentacle)
Wands
 i - a wand of flame (56)
 l - a wand of iceblast (25)
 K - a wand of acid (16)
 O - a wand of paralysis (9)
Scrolls
 d - 3 scrolls of fear
 f - 6 scrolls of magic mapping
 m - 8 scrolls of identify
 n - 7 scrolls of blinking
 p - 8 scrolls of teleportation
 s - 2 scrolls of amnesia {unknown}
 y - a scroll of holy word
 C - a scroll of summoning
 P - a scroll of noise {unknown}
Potions
 b - 3 potions of mutation {unknown}
 c - 2 potions of resistance {unknown}
 e - 9 potions of heal wounds
 g - 6 potions of curing
 h - 5 potions of haste
 j - 3 potions of berserk rage
 o - 3 potions of might
 q - 6 potions of lignification
 t - 2 potions of attraction {unknown}
 u - 4 potions of invisibility {unknown}
 v - 2 potions of brilliance {unknown}
 z - a potion of ambrosia {unknown}
Miscellaneous
 w - a tin of tremorstones (2/2)
 M - a tin of tremorstones (2/2)


   Skills:
 * Level 13.5 Fighting
 - Level 10.4 Short Blades
 + Level 6.1 Throwing
 - Level 10.2 Dodging
 - Level 15.0 Stealth
 - Level 6.4 Shields
 - Level 4.2 Evocations


You had 13 spell levels left.
You didn't know any spells.
Your spell library was empty.

Dungeon Overview and Level Annotations

Branches:
Dungeon (14/15)            Temple (0/1) D:5            Lair (6/6) D:9
 Shoals (0/4) Lair:3        Snake (0/4) Lair:4        Slime (0/5) Lair:5
    Orc (0/2) D:12        Ossuary (visited)          Bailey (visited)
 Vaults: D:13-14

Altars:
Ashenzari
Dithmenos
Fedhas
Kikubaaqudgha
Makhleb
Qazlal
Sif Muna
Uskayaw
Vehumet
Yredelemnul
Zin
Jiyva

Shops:
D:3 [   D:5 [

Portals:
Trove: D:11 (show abyssal rune of Zot)

Annotations:
D:5 2 runed translucent doors, Howlingfantods's ghost, amateur MiFi


Innate Abilities, Weirdness & Mutations

You cannot wear most types of armour.
You are amphibious.
You can wear up to eight rings at the same time.
Your skin changes colour to match your surroundings (Stealth+).
Your rubbery body absorbs attacks. (AC +1, EV +1)
((You are camouflaged near water. (Stealth+)))
You have tentacles for arms and can constrict up to eight enemies at once.


Message History

No target in view!
No target in view!
No target in view!
No target in view!
No target in view!
No target in view!
No target in view!
No target in view!
Found a flail.
You feel very sick. The wolf spider hits you! The wolf spider bites you!
The wolf spider hits you!
* * * LOW HITPOINT WARNING * * *
The wolf spider completely misses you.
You hear a croak.
You see here a guardian serpent corpse.
You hit the wolf spider but do no damage.
You grab the wolf spider. You squeeze the wolf spider.
The wolf spider is lightly wounded.
You constrict the wolf spider.
You feel sick.
You hear a croak.
You hear a loud, deep croak!
You puncture the wolf spider!
The wolf spider is moderately wounded.
You constrict the wolf spider.
You feel sick. The wolf spider hits you!
* * * LOW HITPOINT WARNING * * *
The wolf spider closely misses you.
You feel much better.
You constrict the wolf spider.
You feel sick. The wolf spider closely misses you. The wolf spider misses you.
You hit the wolf spider.
You feel better.
You squeeze the wolf spider, but do no damage.
The wolf spider is heavily wounded.
You constrict the wolf spider.
You feel sick. The wolf spider hits you!
* * * LOW HITPOINT WARNING * * *
The wolf spider closely misses you.
You hit the wolf spider.
The wolf spider is heavily wounded.
You constrict the wolf spider. You hit the wolf spider.
The wolf spider is severely wounded.
You constrict the wolf spider.
You feel sick. The wolf spider hits you!!
You die...

##.PP.P...
#....##.#
##....#
#....##
##...##
#.†.##
##..##
#†?## #@##
#.s.)#
...###
P..##
....#
....##
#####


You could see a wolf spider.

Vanquished Creatures
  A fire dragon (D:13)
  3 hydras
  A two-headed ogre (D:6)
  A catoblepas (Lair:3)
  A centaur warrior (D:14)
  5 death yaks
  Nergalle (Lair:4)
  A deep elf pyromancer (D:12)
  3 ugly things
  2 cyclopes (D:13)
  7 elephants
  A guardian serpent (Lair:6)
  6 black mambas
  A merfolk siren (Lair:3)
  3 gargoyles
  7 cane toads
  2 unseen horrors (D:12)
  Maggie (D:9)
  A rime drake (Lair:5)
  Psyche (D:11)
  2 kobold demonologists
  A freezing wraith (D:13)
  4 komodo dragons
  A tengu conjurer (D:13)
  A yaktaur (D:13)
  3 trolls (D:12)
  2 polar bears
  3 hornets
  5 slime creatures (D:13)
  11 blink frogs
  Sigmund (D:3)
  A vampire (D:12)
  3 wraiths
  23 yaks
  A human (D:6)
  6 wyverns
  A steam dragon (D:10)
  2 vampire mosquitoes (D:12)
  7 basilisks
  3 acid dragons
  2 nagas (Lair:4)
  12 water moccasins
  6 gnoll sergeants
  An ice beast (D:8)
  2 orc warriors
  2 sky beasts
  3 black bears
  2 ogres (D:6)
  A necrophage (D:7)
  11 wolves
  6 centaurs
  2 phantoms
  11 kobold brigands
  11 bullfrogs
  5 scorpions
  A water moccasin zombie (D:5)
  A wyvern skeleton (D:6)
  2 howler monkeys
  3 vampire bats (D:7)
  3 wights (D:5)
  7 electric eels
  A crimson imp (D:9)
  A centaur zombie (D:8)
  A centaur skeleton (D:6)
  2 jellies
  2 bullfrog zombies
  4 orc priests
  7 gnoll shamans
  5 hounds
  An iguana (D:4)
  A bullfrog skeleton (D:4)
  4 orc wizards
  A killer bee zombie (D:7)
  A mummy (Ossuary)
  A howler monkey zombie (D:10)
  3 adders
  15 gnolls
  3 shadow imps
  A white imp (D:7)
  2 ufetubi
  2 worms
  3 dart slugs
  17 orcs
  6 ball pythons
  A bat skeleton (D:7)
  4 bat zombies (D:7)
  6 endoplasms
  A giant cockroach (D:2)
  14 goblins
  8 hobgoblins
  14 jackals
  5 quokkas
  6 bats
  A frilled lizard (D:3)
  4 gnoll skeletons (Ossuary)
  A jackal skeleton (D:6)
  38 kobolds
  20 kobold skeletons
  7 kobold zombies (D:9)
  11 orc skeletons (Ossuary)
  8 rats
457 creatures vanquished.

Vanquished Creatures (collateral kills)
  A gnoll sergeant (Bailey)
  4 gnolls (Bailey)
5 creatures vanquished.

Vanquished Creatures (others)
  A troll (D:10)
  2 gnoll sergeants (Bailey)
  A gnoll (Bailey)
  10 fungi
  17 plants
31 creatures vanquished.

Grand Total: 493 creatures vanquished

Notes
Turn   | Place    | Note
-------+----------+-------------------------------------------
     0 | D:1      | Froggeryz the Octopode Berserker began the quest for the
                  | Orb.
     0 | D:1      | Reached XP level 1. HP: 16/16 MP: 1/1
   106 | D:1      | Reached skill level 1 in Stealth
   106 | D:1      | Reached XP level 2. HP: 9/21 MP: 2/2
   895 | D:1      | Reached XP level 3. HP: 26/26 MP: 3/3
   944 | D:2      | Reached skill level 2 in Stealth
  1008 | D:2      | Reached ** piety under Trog
  1554 | D:2      | Found a burning altar of Makhleb.
  1688 | D:2      | Reached XP level 4. HP: 31/31 MP: 4/4
  2116 | D:3      | Reached skill level 3 in Stealth
  2493 | D:3      | Noticed Sigmund
  2502 | D:3      | Killed Sigmund
  2503 | D:3      | Reached skill level 5 in Short Blades
  2503 | D:3      | Reached skill level 4 in Stealth
  2503 | D:3      | Reached XP level 5. HP: 23/36 MP: 5/5
  2503 | D:3      | Reached XP level 6. HP: 27/42 MP: 6/6
  2899 | D:3      | Found Sepnie's Armour Shoppe.
  3087 | D:4      | Reached skill level 5 in Stealth
  3378 | D:4      | Reached XP level 7. HP: 46/46 MP: 7/7
  3424 | D:4      | Found a sand-covered staircase.
  3429 | Ossuary  | Entered an ossuary
  3429 | Ossuary  | Noticed a wraith
  3429 | Ossuary  | Noticed a wraith
  3429 | Ossuary  | Noticed a wraith
  3447 | Ossuary  | Reached *** piety under Trog
  3595 | Ossuary  | Noticed a wraith
  3703 | Ossuary  | Killed a wraith
  3704 | Ossuary  | Reached skill level 6 in Stealth
  4234 | D:4      | Reached skill level 1 in Shields
  4380 | D:5      | Entered Level 5 of the Dungeon
  4380 | D:5      | Found a staircase to the Ecumenical Temple.
  4470 | D:5      | Found a large runed translucent door.
  4470 | D:5      | Found a large runed translucent door.
  4475 | D:5      | Noticed Howlingfantods's ghost (amateur MiFi)
  4493 | D:5      | Found a stormy altar of Qazlal.
  4511 | D:5      | Found Aboag's Antique Armour Boutique.
  4599 | D:5      | Reached **** piety under Trog
  4600 | D:5      | Reached XP level 8. HP: 42/52 MP: 8/8
  4942 | D:5      | Found a shadowy altar of Dithmenos.
  5038 | D:6      | Noticed a two-headed ogre
  5201 | D:6      | Killed a two-headed ogre
  5202 | D:6      | Reached XP level 9. HP: 14/56 MP: 9/9
  5567 | D:6      | Reached skill level 1 in Evocations
  5580 | D:6      | Reached skill level 10 in Short Blades
  5618 | D:6      | Found a runed translucent door.
  5669 | D:6      | Found a basalt altar of Yredelemnul.
  5922 | D:7      | Reached skill level 5 in Dodging
  6132 | D:7      | Found a broken altar of Ashenzari.
  6140 | D:7      | Reached XP level 10. HP: 63/63 MP: 10/10
  6167 | D:7      | Paralysed by a hornet for 2 turns
  6321 | D:7      | Reached ***** piety under Trog
  6333 | D:7      | Found an ancient bone altar of Kikubaaqudgha.
  6914 | D:8      | Identified a scroll of acquirement
  6914 | D:8      | Acquired the +7 rapier "Aubergine" {vorpal, rPois Int-4
                  | SInv}
  6930 | D:8      | Found a flagged portal.
  6939 | Bailey   | Entered a bailey
  7499 | Bailey   | Received a gift from Trog
  8186 | D:9      | Reached skill level 7 in Stealth
  8416 | D:9      | Noticed a kobold demonologist
  8434 | D:9      | Killed a kobold demonologist
  8453 | D:9      | Reached skill level 8 in Stealth
  8486 | D:9      | Reached XP level 11. HP: 67/67 MP: 11/11
  8634 | D:9      | Reached skill level 9 in Stealth
  8738 | D:9      | Found a staircase to the Lair.
  8835 | D:9      | Noticed Maggie
  8836 | D:9      | You fall into a shaft and drop 2 floors!
  8889 | D:10     | Entered Level 10 of the Dungeon
  8951 | D:9      | Killed Maggie
  8952 | D:9      | Reached skill level 10 in Dodging
  9014 | D:9      | Found an ancient bone altar of Kikubaaqudgha.
  9096 | D:9      | Found a burning altar of Makhleb.
  9096 | D:9      | Found a radiant altar of Vehumet.
  9339 | D:10     | Found a blossoming altar of Fedhas.
  9378 | D:10     | Found a glowing silver altar of Zin.
  9922 | D:11     | Noticed a four-headed hydra
  9956 | D:11     | Killed a four-headed hydra
  9957 | D:11     | Reached skill level 10 in Stealth
  9998 | D:11     | Found a portal to a secret trove of treasure.
 10347 | D:11     | Noticed Psyche
 10354 | D:11     | Killed Psyche
 10832 | D:11     | Found a hide-covered altar of Uskayaw.
 10981 | D:12     | Noticed a brown ugly thing
 10998 | D:12     | Reached skill level 5 in Fighting
 11004 | D:12     | Killed a brown ugly thing
 11071 | D:12     | Found a staircase to the Orcish Mines.
 11091 | D:12     | Received a gift from Trog
 11385 | D:12     | Reached skill level 11 in Stealth
 11474 | D:12     | Noticed a deep elf pyromancer
 11487 | D:12     | Killed a deep elf pyromancer
 11814 | D:12     | Reached XP level 12. HP: 81/81 MP: 12/12
 11890 | D:12     | Found a shimmering blue altar of Sif Muna.
 12222 | D:13     | Acquired the +5 quick blade of Hodi {vamp, rElec Will++
                  | Dex+2}
 12326 | D:13     | Reached skill level 12 in Stealth
 12351 | D:13     | Noticed a seven-headed hydra
 12434 | D:13     | Killed a seven-headed hydra
 12720 | D:13     | Noticed a fire dragon
 12727 | D:13     | Killed a fire dragon
 13043 | D:13     | Reached skill level 13 in Stealth
 13085 | D:14     | Noticed a centaur warrior
 13087 | D:14     | Killed a centaur warrior
 13088 | D:14     | Reached skill level 10 in Fighting
 13126 | D:14     | Noticed a tengu warrior
 13127 | D:14     | Noticed a vault guard
 13218 | Lair:1   | Entered Level 1 of the Lair of Beasts
 13238 | Lair:1   | Noticed a four-headed hydra
 13258 | Lair:1   | Killed a four-headed hydra
 14186 | Lair:2   | Reached XP level 13. HP: 94/94 MP: 13/13
 14363 | Lair:2   | Reached skill level 1 in Throwing
 14957 | Lair:3   | Reached skill level 14 in Stealth
 15284 | Lair:3   | Found a staircase to the Shoals.
 15907 | Lair:4   | Found a staircase to the Snake Pit.
 15912 | Lair:4   | Noticed Nergalle
 15947 | Lair:4   | Killed Nergalle
 16712 | Lair:5   | Found a viscous altar of Jiyva.
 16712 | Lair:5   | Found a staircase to the Slime Pits.
 17002 | Lair:5   | Reached skill level 15 in Stealth
 17132 | Lair:5   | Reached ****** piety under Trog
 17133 | Lair:5   | Reached skill level 5 in Throwing
 17287 | Lair:6   | Entered Level 6 of the Lair of Beasts
 17315 | Lair:6   | Reached XP level 14. HP: 97/106 MP: 14/14
 17329 | Lair:6   | Received a gift from Trog
 17460 | Lair:6   | Slain by a wolf spider

Illustrated notes

Levels and vault maps discovered:
D:1:      matt_arrival_grand_opening, layout_loops_ring, serial_park_tiny_1
D:2:      layout_basic, basic_altar
D:3:      layout_loops_ring, serial_shops, shop, guppyfry_early_lair_pool,
          uniq_sigmund
D:4:      layout_basic, enter_ossuary_2
D:5:      layout_rooms, mainiacjoe_overflow_alcove_4, grunt_dithmenos_shadows,
          temple_pool_b, serial_shops, shop, ebering_ghost_disaster_area,
          minmay_tree_intersection
D:6:      layout_rooms, dk_yredelemnul_ordeal
D:7:      layout_loops_ring, kennysheep_vampire_church, evilmike_ruin_ashenzari,
          kennysheep_donut
D:8:      layout_gridville, enter_bailey_3
D:9:      wander_kiku_kobolds, layout_rooms,
          grunt_temple_overflow_lords_of_destruction, david_lair_generic,
          dk_rats_in_the_wall, uniq_maggie
D:10:     layout_basic, lemuel_tele_altar, fedhas_altar_1,
          minmay_misc_feat_alley, kennysheep_small_circle
D:11:     layout_basic, nicolae_trove_entry_free_sample,
          nicolae_uskayaw_dance_studio, uniq_psyche
D:12:     layout_stronghold, orc_0_dummy, lemuel_blue_sif_altar
D:13:     minmay_tri_box, layout_rooms, disabler_island
D:14:     layout_rooms, grunt_vaults_entry_fortified, nrook_campfire,
          uniq_louise
Lair:1:   layout_regular_city, nicolae_quartered_pool_medium
Lair:2:   layout_misc_corridors, chequers_serial_rivers_large_b,
          lemuel_fruit_tree
Lair:3:   layout_layer_cave, minmay_shoals_entry_lonely_mermaid,
          grunt_megastairs_3
Lair:4:   layout_hall_layers, guppyfry_snake_entry_island, uniq_nergalle
Lair:5:   layout_hall_layers, slime_altar_1
Lair:6:   hangedman_lair_tendril_chambers, layout_cellular_growth,
          hangedman_lair_caniforms_friends, st_stairs_8, serial_bayou_shore_b

Skill      XL: |  1  2  3  4  5  6  7  8  9 10 11 12 13 14 |
---------------+-------------------------------------------+-----
Stealth        | 1 2 4 5 6 8 11 13 15 | 15.0
Short Blades   | 4 5 6 7 9 10 | 10.4
Shields        | 2 6 |  6.4
Evocations     | 3 4 |  4.2
Dodging        | 5 9 10 | 10.2
Fighting       | 7 10 13 | 13.5
Throwing       | 5 6 |  6.1

Action                   |  1- 3 |  4- 6 |  7- 9 | 10-12 | 13-15 || total
-------------------------+-------+-------+-------+-------+-------++-------
Melee: Short sword       |    63 |    74 |   137 |       |       ||   274
       Constrict         |    18 |    14 |    53 |   108 |    38 ||   231
       Tentacles         |     8 |    17 |    76 |   218 |   207 ||   526
       Dagger            |       |       |   147 |   150 |       ||   297
       Quick blade       |       |       |       |   610 |   580 ||  1190
       Rapier            |       |       |       |    22 |       ||    22
Throw: Dart              |       |       |     2 |     3 |       ||     5
       Javelin           |       |       |       |     1 |       ||     1
Invok: Berserk           |     1 |     3 |     6 |     9 |       ||    19
       Trog's Hand       |       |       |       |     2 |     1 ||     3
Evoke: Wand              |       |       |     5 |    18 |       ||    23
  Use: Scroll            |       |       |     9 |    12 |       ||    21
       Potion            |       |       |       |       |     1 ||     1
 Stab: Sleeping          |     9 |     9 |    13 |    38 |    12 ||    81
       Distracted        |       |     1 |     1 |     1 |     1 ||     4
Armor: Skin              |     6 |     5 |     8 |    12 |     6 ||    37
Dodge: Dodged            |    43 |    40 |   130 |   281 |   191 ||   685
Block: Buckler           |       |       |    13 |   100 |    54 ||   167

Table legend: (Time is in decaauts)
 A = Elapsed time spent in this place.
 B = Non-inter-level travel time spent in this place.
 C = Inter-level travel time spent in this place.
 D = Time resting spent in this place.
 E = Time spent auto-exploring this place.
 F = Levels seen in this place.
 G = Mean time per level.
                   A        B        C        D        E       F      G
               +--------+--------+--------+--------+--------+-----+--------+
         Total |  16657 |  15922 |    735 |   1878 |  10709 |  22 |  757.1 |
       Dungeon |  11638 |  11052 |    586 |   1299 |   7654 |  14 |  831.3 |
          Lair |   3785 |   3636 |    149 |     35 |   2911 |   6 |  630.8 |
       Ossuary |    545 |    545 |      0 |    325 |     14 |   1 |  545.0 |
        Bailey |    687 |    687 |      0 |    218 |    130 |   1 |  687.0 |
               +--------+--------+--------+--------+--------+-----+--------+

Top non-repeatable levels by time:
     D:2: 1176 daAuts
     D:3: 1141 daAuts
    D:12: 1123 daAuts
    D:11: 1051 daAuts
    D:13: 924 daAuts
     D:1: 912 daAuts
  Lair:3: 861 daAuts
    D:10: 813 daAuts
  Lair:2: 809 daAuts
     D:9: 806 daAuts
     D:7: 779 daAuts
  Lair:1: 772 daAuts
     D:5: 761 daAuts
     D:8: 755 daAuts
     D:6: 698 daAuts
